 Dungeon Crawl Stone Soup version 0.18-a0-1171-ga8e22e7 (webtiles) character file.

395 4thArraOfDagon the Chopper (level 6, 0/52 HPs)
             Began as a Centaur Berserker on Jan 26, 2016.
             Was a Believer of Trog.
             Slain by a gnoll
             ... wielding a +0 flail
              (10 damage)
             ... on level 3 of the Dungeon.
             The game lasted 00:02:53 (469 turns).

4thArraOfDagon the Chopper (Centaur Berserker)       Turns: 469, Time: 00:02:53

Health: 0/52       AC:  7    Str: 20    XL:     6   Next: 52%
Magic:  6/6        EV: 14    Int:  8    God:    Trog [**....]
Gold:   44         SH:  0    Dex: 13    Spells: 0 memorised, 5 levels left

rFire  . . .     SeeInvis .     a - +0 hand axe
rCold  . . .     Gourm    .     b - +0 ring mail
rNeg   . . .     Faith    .     (no shield)
rPois  .         Spirit   .     i - +0 helmet
rElec  .         Dismiss  .     (no cloak)
rCorr  .         Reflect  .     (no gloves)
SustAt +         Harm     .     (no barding)
MR     ++...                    (no amulet)
Stlth  +.........               (no ring)
                                f - ring of sustain attributes

@: agile, exhausted, regenerating, slowed, very resistant to hostile
enchantments, very unstealthy
A: hooves 3, deformed body, speed 2, tough skin 3
a: Berserk, Trog's Hand, Burn Spellbooks, Renounce Religion


You were on level 3 of the Dungeon.
You worshipped Trog.
Trog was pleased with you.
You were very hungry.

You visited 1 branch of the dungeon, and saw 3 of its levels.

You collected 44 gold pieces.

Inventory:

Hand Weapons
 a - a +0 hand axe (weapon)
Armour
 b - a +0 ring mail (worn)
 i - a +0 helmet (worn)
Jewellery
 f - a ring of sustain attributes (left hand)
Wands
 g - a wand of polymorph (15/24)
Comestibles
 c - 2 bread rations
 d - 3 chunks of flesh


   Skills:
 + Level 4.2 Fighting
 * Level 5.2 Axes
 + Level 3.0 Armour
 - Level 1.3 Dodging


You had 5 spell levels left.
You didn't know any spells.

Dungeon Overview and Level Annotations

Branches:
Dungeon (3/15)

Altars:
Trog


Innate Abilities, Weirdness & Mutations

You have hooves in place of feet.
Armour fits poorly on your strangely shaped body.
You cover ground very quickly.
You have extremely tough skin (AC +3).


Message History

The gnoll barely misses you.
Unknown command.
You barely miss the gnoll.
You are feeling very hungry.
You hear a splashing noise.
The gnoll hits you with a flail.
* * * LOW HITPOINT WARNING * * *
You hit the gnoll.
The gnoll is heavily wounded.
The gnoll hits you with a flail!
* * * LOW HITPOINT WARNING * * *
Unknown command.
Drink which item? (? for menu, Esc to quit)
It was a potion of agility.
You feel agile all of a sudden. The gnoll barely misses you.
The gnoll hits you but does no damage.
You hit the gnoll but do no damage. Your kick misses the gnoll.
The gnoll is moderately wounded.
The gnoll hits you with a flail!
You die...

*********++++********#####.).#≈≈*
*,,,,,,,*,,,,*,,,,,,,#...#)###≈≈*
*,,,,,,,*,,,,*,,,,,,,#.#.."#,≈≈≈*
*,,,,,,,+,,,,+,,,,,,,#...#.#,≈≈≈*
*+*******###*#######+#####.#,≈≈≈*
*,,,,,,,*..$.#?......#.....#,≈≈≈*
*,,,,,,,,.≈≈....))...#.....#,≈≈≈*
*,,,,,,,,.≈≈....g..).#''##.#,≈≈≈*
,,,,,,,,*,...#..@..).....#.#,≈≈≈*
,********,,,,########....#.#,≈≈≈*
,+,,,,*,,,**$.,* #....#)###≈≈*
***********##*******######)).#≈≈*
,,,,,,,,,,,,,,,,,,,,,,,,,#...#≈≈*
≈≈≈≈≈≈≈≈≈≈≈≈≈≈≈≈≈≈≈≈≈≈≈≈≈#####≈≈*
≈≈≈≈≈≈≈≈≈≈≈≈≈≈≈≈≈≈≈≈≈≈≈≈≈≈≈≈≈≈≈≈*
≈≈≈≈≈≈≈≈≈≈≈≈≈≈≈≈≈≈≈≈≈≈≈≈≈≈≈≈≈≈≈≈*
,,,,,,,,,,,,,,,,,,,,,,,,,.....,,*


You could see a gnoll.

Vanquished Creatures
  An ogre (D:3)
  2 gnoll shamans (D:3)
  2 orc wizards (D:3)
  Robin (D:2)
  15 gnolls (D:3)
  An adder (D:3)
  A worm (D:2)
  2 orcs (D:3)
  2 bats (D:3)
  2 giant cockroaches (D:3)
  10 goblins (D:2)
  A hobgoblin (D:3)
  A kobold (D:2)
  3 rats
44 creatures vanquished.

Notes
Turn   | Place    | Note
--------------------------------------------------------------
     0 | D:1      | 4thArraOfDagon the Centaur Berserker began the quest for the Orb.
     0 | D:1      | Reached XP level 1. HP: 19/19 MP: 1/1
    77 | D:2      | Noticed Robin
    78 | D:2      | Found a bloodstained altar of Trog.
    84 | D:2      | Killed Robin
    84 | D:2      | Reached XP level 2. HP: 23/26 MP: 2/2
    90 | D:2      | Reached XP level 3. HP: 27/31 MP: 3/3
   273 | D:3      | Reached ** piety under Trog
   273 | D:3      | Reached XP level 4. HP: 38/38 MP: 4/4
   343 | D:3      | Reached skill level 4 in Axes
   344 | D:3      | Reached XP level 5. HP: 43/46 MP: 5/5
   444 | D:3      | Noticed an ogre
   452 | D:3      | Reached XP level 6. HP: 45/52 MP: 6/6
   458 | D:3      | Reached skill level 5 in Axes
   469 | D:3      | Slain by a gnoll

Vault maps used:
D:1:      minmay_arrival_four_circles, feat_on_display
D:2:      minmay_door_path, bloody_trog, marbit_many_paths, lemuel_round_altar,
          uniq_robin, uniq_crazy_yiuf_cottage
D:3:      lemuel_castle_with_subvaults

Action                   |  1- 3 |  4- 6 || total
-------------------------+-------+-------++-------
Melee: Hand axe          |    37 |    46 ||    83
Invok: Berserk           |     2 |     3 ||     5
       Trog's Hand       |       |     3 ||     3
  Use: Scroll            |       |     4 ||     4
       Potion            |       |     1 ||     1
  Eat: Chunk             |       |     3 ||     3
